 Dungeon Crawl Stone Soup version 0.27-a0-1184-ge86db4a01e (webtiles) character file.

Game seed: 1483609550685093825

625883 Wyvernaa the Conqueror (level 27, -37/249 HPs)
             Began as a Formicid Fighter on May 18, 2021.
             Was an Initiate of Gozag.
             Annihilated by a golden dragon (40 damage)
             ... summoned by a shadow demon
             ... created by a Zot trap
             ... on level 3 of the Realm of Zot on May 19, 2021.
             The game lasted 05:15:38 (114773 turns).

Wyvernaa the Conqueror (Formicid Fighter)         Turns: 114773, Time: 05:15:40

Health: -37/249    AC: 37    Str: 24    XL:     27
Magic:  23/23      EV: 15    Int: 11    God:    Gozag
Gold:   691        SH: 34    Dex: 20    Spells: 26/26 levels left

rFire    + + .     SeeInvis +   w - +9 demon trident (elec)
rCold    + . .     Faith    .   s - +8 tower shield {AC+3}
rNeg     + + .     Spirit   .   V - +6 plate armour of Weaptuoth {Drain rF+ rC+ Dex+4}
rPois    +         Reflect  +   (helmet unavailable)
rElec    .         Harm     .   F - +1 cloak of Juazy {rN+ SInv}
rCorr    .         Rampage  .   R - +1 pair of gloves {Str+3}
Will     +++++                  H - +2 pair of boots {Fly}
Stlth    ++++......             X - amulet of reflection
HPRegen  0.51/turn              Y - ring "Zefaverr" {Fly rN+ Will+++ Str-2 Dex+2}
MPRegen  0.18/turn              U - ring of Vosir {rPois rF+}

@: unable to read, flying, constricted, studying 2 skills
A: permanent stasis, dig shafts and tunnels, antennae 3, four strong arms, fangs
1, iridescent scales 2, clumsy 1, deformed body, deterioration 1, sense
surroundings 1, weak 1, inability to read while threatened
}: 3/15 runes: decaying, silver, gossamer
a: Dig, Shaft Self, Renounce Religion, Potion Petition, Call Merchant, Bribe
Branch


You were on level 3 of the Realm of Zot.
You worshipped Gozag.
Gozag was pleased with you.
You visited 11 branches of the dungeon, and saw 53 of its levels.
You visited the Abyss 1 time.
You also visited: Gauntlet.

You collected 30945 gold pieces.
You spent 7549 gold pieces at shops.
You paid 22705 gold pieces to Gozag.

Inventory:

Hand Weapons
 u - a +9 halberd of protection
 w - a +9 demon trident of electrocution (weapon)
Missiles
 p - 7 boomerangs of dispersal
 x - 8 throwing nets
 z - 14 curare-tipped darts
 D - 21 atropa-tipped darts
Armour
 s - a +8 tower shield of protection (worn)
 A - the +0 pair of gloves "Ipupt" {rF- rC++ rN++}
   (You bought it in a shop on level 1 of the Depths)

   It makes you vulnerable to fire.
   It greatly protects you from cold.
   It greatly protects you from negative energy.
 F - the +1 cloak of Juazy (worn) {rN+ SInv}
   (You bought it in a shop on level 3 of the Lair of Beasts)

   It protects you from negative energy.
   It lets you see invisible.
 H - a +2 pair of boots of flying (worn)
 R - a +1 pair of gloves of strength (worn)
 V - the +6 plate armour of Weaptuoth (worn) {Drain rF+ rC+ Dex+4}
   (You found it on level 5 of the Vaults)

   It affects your dexterity (+4).
   It protects you from fire.
   It protects you from cold.
   It drains your maximum health when unequipped.
Jewellery
 l - a ring of positive energy
 J - a ring of protection from cold
 K - a ring of protection from fire
 T - the ring "Axogiy" {rF+ Int+4}
   (You took it off a vault guard on level 5 of the Vaults)

   [ring of protection from fire]

   It affects your intelligence (+4).
   It protects you from fire.
 U - the ring of Vosir (right hand) {rPois rF+}
   (You took it off a vault warden on level 5 of the Vaults)

   [ring of protection from fire]

   It protects you from fire.
   It protects you from poison.
 X - an amulet of reflection (around neck)
 Y - the ring "Zefaverr" (left hand) {Fly rN+ Will+++ Str-2 Dex+2}
   (You found it on level 5 of the Vaults)

   [ring of flight]

   It affects your strength (-2).
   It affects your dexterity (+2).
   It protects you from negative energy.
   It grants you flight.
   It greatly increases your willpower.
Wands
 a - a wand of flame (93)
 h - a wand of digging (15)
 k - a wand of acid (48)
 o - a wand of mindburst (6)
 t - a wand of iceblast (63)
 y - a wand of paralysis (27)
 I - a wand of polymorph (19)
Scrolls
 b - 8 scrolls of amnesia
 c - 2 scrolls of brand weapon
 d - 2 scrolls of enchant weapon
 n - 9 scrolls of magic mapping
 r - 4 scrolls of holy word
 v - 8 scrolls of fog
 B - a scroll of silence
 O - 10 scrolls of fear
 P - 27 scrolls of identify
Potions
 g - 6 potions of might
 i - 2 potions of magic
 j - a potion of cancellation
 q - 4 potions of ambrosia
 C - 2 potions of heal wounds
 E - 20 potions of curing
 M - 4 potions of resistance
 S - a potion of brilliance
 W - 4 potions of invisibility
Miscellaneous
 f - a phantom mirror


   Skills:
 O Level 27 Fighting
 - Level 16.0 Polearms
 + Level 3.3 Throwing
 + Level 20.4 Armour
 * Level 17.4 Dodging
 * Level 21.7 Stealth
 - Level 15.0 Shields
 * Level 19.5 Evocations


You had 26 spell levels left.
You didn't know any spells.
Your spell library contained the following spells:

 Spells                   Type           Power      Damage    Failure   Level
 Animate Skeleton         Necr           0%         N/A       88%         1
 Beastly Appendage        Tmut           0%         N/A       88%         1
 Corona                   Hex            0%         N/A       88%         1
 Foxfire                  Conj/Fire      0%         2x1d4     88%         1
 Magic Dart               Conj           0%         1d3       88%         1
 Pain                     Necr           0%         1d4       88%         1
 Shock                    Conj/Air       0%         1d3       88%         1
 Sting                    Tmut/Pois      0%         1d3       88%         1
 Call Imp                 Summ           0%         N/A       96%         2
 Ensorcelled Hibernation  Hex/Ice        0%         N/A       96%         2
 Poisonous Vapours        Pois/Air       0%         N/A       96%         2
 Searing Ray              Conj           0%         3d3       96%         2
 Slow                     Hex            0%         N/A       96%         2
 Static Discharge         Conj/Air       0%         N/A       96%         2
 Sublimation of Blood     Necr           0%         N/A       96%         2
 Wereblood                Tmut           0%         N/A       96%         2
 Confusing Touch          Hex            0%         N/A       99%         3
 Conjure Flame            Conj/Fire      0%         6-21      99%         3
 Dazzling Flash           Conj/Hex       0%         N/A       99%         3
 Gell's Gravitas          Tloc           0%         N/A       99%         3
 Ignite Poison            Fire/Tmut/Pois 0%         N/A       99%         3
 Inner Flame              Hex/Fire       0%         N/A       99%         3
 Lesser Beckoning         Tloc           0%         N/A       99%         3
 Mephitic Cloud           Conj/Pois/Air  0%         N/A       99%         3
 Spider Form              Tmut/Pois      0%         N/A       99%         3
 Teleport Other           Tloc           0%         N/A       99%         3
 Tukima's Dance           Hex            0%         N/A       99%         3
 Vampiric Draining        Necr           0%         2d6       99%         3
 Airstrike                Air            0%         N/A       100%        4
 Animate Armour           Summ/Erth      0%         N/A       100%        4
 Animate Dead             Necr           0%         N/A       100%        4
 Fulminant Prism          Conj/Hex       0%         3d6       100%        4
 Ice Form                 Ice/Tmut       0%         N/A       100%        4
 Iskenderun's Mystic Bla  Conj/Tloc      0%         2d3       100%        4
 Leda's Liquefaction      Hex/Erth       0%         N/A       100%        4
 Passage of Golubria      Tloc           N/A        N/A       100%        4
 Petrify                  Tmut/Erth      0%         N/A       100%        4
 Sticky Flame             Conj/Fire      0%         2d3       100%        4
 Summon Lightning Spire   Summ/Air       0%         N/A       100%        4
 Agony                    Necr           0%         N/A       100%        5
 Alistair's Intoxication  Tmut/Pois      0%         N/A       100%        5
 Bolt of Magma            Conj/Fire/Erth 0%         4d4       100%        5
 Fireball                 Conj/Fire      0%         3d3       100%        5
 Hydra Form               Tmut           0%         N/A       100%        5
 Irradiate                Conj/Tmut      0%         3d13      100%        5
 Lightning Bolt           Conj/Air       0%         1d11      100%        5
 Metabolic Englaciation   Hex/Ice        0%         N/A       100%        5
 Silence                  Hex/Air        0%         N/A       100%        5
 Summon Forest            Summ/Tloc      0%         N/A       100%        5
 Yara's Violent Unravell  Hex/Tmut       0%         3d3       100%        5
 Blade Hands              Tmut           0%         N/A       100%        6
 Conjure Ball Lightning   Conj/Air       0%         3x3d6     100%        6
 Eringya's Noxious Bog    Tmut/Pois      0%         N/A       100%        6
 Iron Shot                Conj/Erth      0%         9d1       100%        6
 Starburst                Conj/Fire      0%         8x6d3     100%        6
 Statue Form              Tmut/Erth      0%         N/A       100%        6
 Dragon Form              Tmut           0%         N/A       100%        7
 Borgnjor's Revivificati  Necr           0%         N/A       100%        8
 Ignition                 Fire           0%         3d3       100%        8
 Infestation              Necr           0%         N/A       100%        8
 Necromutation            Tmut/Necr      0%         N/A       100%        8
 Death's Door             Necr           0%         N/A       100%        9
 Shatter                  Erth           0%         3d5*      100%        9
 Tornado                  Air            0%         N/A       100%        9
 Blink                    Tloc           Unusable   N/A       N/A         2
 Swiftness                Air            Unusable   N/A       N/A         3

Dungeon Overview and Level Annotations

Branches:
Dungeon (15/15)            Temple (1/1) D:4            Lair (6/6) D:11
  Swamp (4/4) Lair:4       Spider (4/4) Lair:4        Slime (3/5) Lair:5
    Orc (2/2) D:9             Elf (0/3) Orc:2        Vaults (5/5) D:13
  Crypt (3/3) Vaults:2       Tomb (0/3) Crypt:3      Depths (5/5) D:15
    Zot (5/5) Depths:5    Gauntlet (visited)

Altars:
Ashenzari
Cheibriados
Dithmenos
Elyvilon
Fedhas
Gozag
Hepliaklqana
Kikubaaqudgha
Makhleb
Nemelex Xobeh
Okawaru
Qazlal
Ru
Sif Muna
Trog
Uskayaw
Vehumet
Wu Jian
Xom
Yredelemnul
Zin
The Shining One
Beogh

Shops:
D:2 :   D:4 (   D:5 [   D:6 (   D:7 :   D:10 ?   D:12 *:(   D:13 [(   D:15 *(
Orc:2 ((!*   Lair:3 [   Lair:4 [   Swamp:4 [   Spider:3 [(   Depths:1 [
Depths:2 (   Depths:4 *

Portals:
Hell: Depths:1 Depths:2 Depths:3 Depths:4 Depths:5
Abyss: Depths:4 Depths:5
Pandemonium: Depths:3
Ziggurat: Depths:3
Trove: D:15 (give 13 potions of heal wounds)

Annotations:
Lair:4 exclusion: oklob plant
Swamp:4 1 runed translucent door, Otejutz's ghost, journeyman DDFi
Slime:3 Dissolution
Zot:3 3 runed translucent doors, 1 transporter, Luegiunoocw's ghost, veteran TrCK


Innate Abilities, Weirdness & Mutations

You cannot be hasted, slowed, berserked, paralysed or teleported.
You can dig through walls and to a lower floor.
You have a pair of large antennae on your head. (SInv)
Your four strong arms can wield two-handed weapons with a shield.
You have very sharp teeth.
You are mostly covered in iridescent scales. (AC +4)
You are clumsy. (Dex -2)
Armour fits poorly on your strangely shaped body.
Your body sometimes deteriorates upon taking damage.
You passively map a small area around you.
You are weak. (Str -2)
You sometimes lose the ability to read scrolls when taking damage.


Message History

The tentacled monstrosity completely misses you.
You block the tentacled monstrosity's attack.
The tentacled monstrosity tentacle-slaps you but does no damage. x2
You block the tentacled monstrosity's attack. x2
* * * LOW HITPOINT WARNING * * *
The tentacled monstrosity constricts you.
The shadow demon gestures.
The tentacled monstrosity closely misses you.
The tentacled monstrosity tentacle-slaps you but does no damage.
The tentacled monstrosity misses you.
The Brimstone Fiend hits you but does no damage. x3
The tentacled monstrosity becomes distracted by the nearby gold, dreaming of imaginary riches.
Are you sure you want to shaft yourself?
You block the death cob's attack.
You hear a loud "Zot"!
You block the golden dragon's attack. x3
The death cob hits you but does no damage.
You block the tentacled monstrosity's attack.
The tentacled monstrosity tentacle-slaps you but does no damage.
The tentacled monstrosity tentacle-slaps you.
* * * LOW HITPOINT WARNING * * *
The golden dragon bites you!!
* * * LOW HITPOINT WARNING * * *
The golden dragon barely misses you.
The golden dragon tramples you but does no damage.
The tentacled monstrosity tentacle-slaps you but does no damage.
You block the tentacled monstrosity's attack.
The tentacled monstrosity tentacle-slaps you but does no damage.
* * * LOW HITPOINT WARNING * * *
The tentacled monstrosity constricts you!
The death cob closely misses you.
The tentacled monstrosity tentacle-slaps you but does no damage. x2
The tentacled monstrosity misses you.
The Brimstone Fiend hits you but does no damage.
The Brimstone Fiend barely misses you.
The Brimstone Fiend hits you but does no damage.
You begin to dig a shaft.
You continue digging a shaft.
You block the death cob's attack. The golden dragon bites you!!!
You die...
Your body crumbles into a pile of gold.

#...#............................
######.#####....#################
# #.# #....©........# ##<## # #.#
############.## ##>## ## #.#
##### #.# ##### .## #.# #########
#.## ##### ..# ##.# #.^^©^^.#
##.## .(###.## #^^..zX1# ##.##
..##.## #...XX@D# ##.## ####.#
#^.##.##Xz#* #..# # #.#
#..^^^^.{2..# #..# # #.#
#^.##.#^#{##.^# #.## ## #.#
##..^.^.{ ,,.## #.# .###.# #.#^
{#{ * # #.# # .##..# ^ #,..,{ #.#
# .##..# .X {{ #.# # .##..# ^ #.#
#


You could see 4 tentacled monstrosities, a golden dragon (summoned, berserk), a
Brimstone Fiend, 2 death cobs and a shadow demon.

Vanquished Creatures
  3 ancient liches
  4 orbs of fire
  Mara (Swamp:3)
  Boris (twice) (Vaults:3 Depths:1)
  Bai Suzhen (Swamp:3)
  Frederick (Vaults:4)
  A curse toe (Zot:4)
  2 caustic shrikes
  12 golden dragons
  Jory (Vaults:4)
  the Enchantress (Depths:2)
  3 bone dragons
  2 electric golems
  8 tentacled monstrosities
  19 Orb Guardians (Zot:5)
  6 titans
  4 liches
  10 quicksilver dragons
  2 tentacled starspawn (Abyss:3)
  6 acid blobs
  6 death cobs
  Kirke (D:14)
  2 thorn hunters (Swamp:4)
  3 sphinxes
  3 tengu reavers
  6 shadow dragons
  15 storm dragons
  Roxanne (D:15)
  7 fire giants
  8 rockslimes
  2 draconian monks
  2 draconian knights
  4 azure jellies (Depths:1)
  10 frost giants
  3 orc warlords (Orc:2)
  6 iron dragons
  17 vault wardens
  4 emperor scorpions
  6 ghost moths
  6 draconian annihilators
  Louise (Spider:4)
  3 draconian shifters
  Aizul (Spider:4)
  3 draconian scorchers
  3 spriggan defenders
  10 ironbound preservers
  3 curse skulls
  9 ghouls
  9 war gargoyles
  3 draconian stormcallers
  25 very ugly things
  17 stone giants
  A reaper (Crypt:2)
  6 green draconians
  3 vampire knights
  7 black draconians
  2 deep elf demonologists
  4 yellow draconians
  3 dire elephants
  A lorocyproca (Abyss:3)
  7 purple draconians
  2 bunyips (Swamp:3)
  8 red draconians
  3 spark wasps
  A minotaur (Gauntlet)
  An entropy weaver (Vaults:3)
  10 white draconians
  An eleionoma (Swamp:2)
  2 deep elf death magi
  Snorg (D:14)
  5 fire dragons
  16 ettins
  A shambling mangrove (Swamp:4)
  3 crystal guardians
  10 jiangshi
  3 deep elf high priests
  6 rakshasas
  21 hydras
  9 boulder beetles
  4 peacekeepers
  18 great orbs of eyes
  9 ironbound thunderhulks
  11 yaktaur captains
  10 spriggan air magi
  A salamander tyrant (Depths:5)
  11 ice dragons
  A catoblepas (Lair:6)
  23 centaur warriors
  37 vault guards
  4 ogre magi
  A caustic shrike simulacrum (Depths:3)
  11 ironbound frosthearts
  3 ghost crabs
  4 tengu warriors
  21 alligators
  4 death yaks (Lair:5)
  A satyr (shapeshifter) (Vaults:4)
  6 deep troll shamans
  14 two-headed ogres
  4 thrashing horrors (Abyss:3)
  9 vampire magi
  4 death knights
  Urug (Lair:6)
  7 spriggan berserkers
  4 orc high priests (Orc:2)
  3 deep troll earth magi
  2 soul eaters (Crypt:2)
  9 ironbound beastmasters
  22 hell knights
  2 wretched stars (Abyss:3)
  38 skeletal warriors
  6 iron trolls
  A salamander mystic (Depths:5)
  A shadow wraith (Crypt:2)
  2 titan skeletons
  A death drake (shapeshifter) (D:15)
  10 glowing orange brains
  A sea snake (shapeshifter) (Depths:3)
  A shadow dragon zombie (Depths:1)
  A death drake (Swamp:1)
  5 goliath frogs
  A glowing orange brain (shapeshifter) (Depths:3)
  11 swamp dragons
  6 spriggan druids
  6 bog bodies
  34 deep trolls
  5 flayed ghosts
  13 ironbound convokers
  14 wizards
  8 phantasmal warriors
  3 harpies (Vaults:2)
  29 orb spiders
  17 lindwurms
  2 deep elf pyromancers (D:14)
  16 necromancers
  6 orc knights
  An anaconda skeleton (Crypt:3)
  3 oklob plants
  A harpy (shapeshifter) (Abyss:3)
  4 orc sorcerers
  A fire giant zombie (Crypt:1)
  2 frost giant zombies
  A cyclops (D:15)
  26 wolf spiders
  51 ugly things
  4 will-o-the-wisps
  A stone giant zombie (Vaults:4)
  3 manticores
  A worldbinder (Abyss:3)
  A stone giant skeleton (Crypt:3)
  9 salamanders
  A frost giant skeleton (Crypt:3)
  2 large abominations (Abyss:3)
  3 elephants (Lair:6)
  An ice statue (Gauntlet)
  The ghost of DocEon the Stinger, a novice OpVM of Yredelemnul (D:6)
  4 black mambas
  3 fire giant skeletons
  18 moths of wrath
  A shadow dragon skeleton (Crypt:1)
  16 vault sentinels
  5 smoke demons
  2 eyes of devastation
  7 gargoyles
  26 cane toads
  3 rime drakes
  2 yellow draconian zombies
  A shock serpent skeleton (Crypt:3)
  A spriggan skeleton (Depths:1)
  A grey draconian zombie (Crypt:1)
  4 komodo dragons
  16 demonic crawlers
  5 freezing wraiths
  2 unseen horrors
  A human skeleton (Vaults:4)
  An ancient zyme (Abyss:3)
  49 yaktaurs
  2 sea snake zombies (Crypt:1)
  3 tengu conjurers
  2 polar bears
  A queen bee (shapeshifter) (Vaults:2)
  An iron troll skeleton (Crypt:2)
  7 red devils (Crypt:3)
  22 hornets
  6 meliai
  2 guardian mummies (Crypt:3)
  A queen bee (Spider:1)
  30 jumping spiders
  30 slime creatures
  11 tyrant leeches
  A slime creature (shapeshifter) (Vaults:5)
  A wolf spider simulacrum (Abyss:3)
  A merfolk (shapeshifter) (Vaults:5)
  A hydra skeleton (Crypt:3)
  8 trolls
  19 blink frogs
  A sphinx simulacrum (Vaults:5)
  2 frost giant simulacra
  A shadow dragon simulacrum (Crypt:1)
  2 raiju (Abyss:3)
  A tyrant leech (shapeshifter) (Vaults:5)
  A fire dragon zombie (Depths:1)
  3 stone giant simulacra
  An ettin skeleton (Crypt:3)
  5 flying skulls
  38 tarantellas
  An ice dragon skeleton (Crypt:3)
  A fire dragon skeleton (Crypt:3)
  89 redbacks
  14 spriggans
  2 vampires
  4 shadows (Crypt:3)
  42 yaks
  3 hogs (D:14)
  A ynoxinul (Abyss:3)
  5 wyverns
  A centaur simulacrum (D:15)
  6 water elementals (Depths:3)
  8 wraiths
  4 basilisks
  Grum (D:8)
  A spriggan simulacrum (Depths:3)
  A steam dragon (shapeshifter) (Vaults:5)
  2 human zombies (Vaults:4)
  11 vampire mosquitoes
  A monstrous demonspawn zombie (Crypt:1)
  4 swamp worms
  3 wargs
  An acid dragon (Gauntlet)
  3 small abominations (Abyss:3)
  A swamp worm (shapeshifter) (Vaults:5)
  14 water moccasins
  A cane toad zombie (Crypt:3)
  A floating eye (Depths:3)
  A water nymph skeleton (Crypt:2)
  36 orc warriors
  An ettin simulacrum (Vaults:4)
  A sky beast (D:6)
  11 swamp drakes
  A black bear (D:7)
  4 necrophages
  19 ogres
  38 wolves
  2 boggarts (Vaults:2)
  A swamp dragon skeleton (Crypt:3)
  10 centaurs
  4 kobold brigands
  A phantom (D:4)
  An elf simulacrum (Vaults:4)
  20 bullfrogs
  5 scorpions (Lair:4)
  A water moccasin zombie (D:6)
  A human simulacrum (Vaults:4)
  17 killer bees
  4 wights (D:8)
  4 howler monkeys
  A wolf zombie (Crypt:1)
  4 electric eels
  6 centaur zombies
  A basilisk zombie (Crypt:1)
  13 starcursed masses (Abyss:3)
  A demonspawn zombie (Crypt:2)
  5 jellies
  A basilisk skeleton (Crypt:2)
  2 centaur skeletons (D:5)
  A gnoll shaman (D:8)
  2 hounds
  An iron imp (D:11)
  30 orc priests
  Jessica (Depths:4)
  An iguana (D:5)
  18 orc wizards
  3 hell rats (D:8)
  A statue (D:4)
  A killer bee zombie (D:8)
  An acid dragon skeleton (Crypt:1)
  A demigod skeleton (Crypt:2)
  8 mummies (Crypt:3)
  2 howler monkey zombies
  7 gnolls
  2 howler monkey skeletons
  3 adders
  4 river rats (D:8)
  A shadow imp (Gauntlet)
  4 white imps
  An ufetubus (D:5)
  An iguana skeleton (Crypt:2)
  An adder skeleton (D:4)
  A halfling skeleton (Crypt:2)
  4 worms
  2 dart slugs (D:2)
  93 orcs
  6 bats
  9 endoplasms
  A giant cockroach (Lair:4)
  6 goblins
  4 hobgoblins
  8 jackals
  23 kobolds
  3 quokkas
  6 ball pythons
  A frilled lizard (D:1)
  A goblin zombie (Crypt:1)
  A kobold skeleton (Crypt:3)
  16 rats
  2 briar patches (Swamp:4)
  A fire vortex (Depths:5)
2139 creatures vanquished.

Vanquished Creatures (collateral kills)
  2 Killer Klowns (Zot:5)
  A golden dragon (Vaults:5)
  2 electric golems (Zot:5)
  2 tentacled monstrosities (Zot:5)
  6 Orb Guardians (Zot:5)
  3 titans (Vaults:5)
  A storm dragon (Vaults:5)
  2 tengu reavers (Vaults:5)
  A shadow dragon (Zot:5)
  2 draconian knights (Zot:5)
  2 draconian scorchers (Zot:5)
  4 frost giants (Vaults:5)
  A vault warden (Vaults:5)
  A draconian stormcaller (Zot:5)
  3 draconian shifters (Zot:5)
  A stone giant (Vaults:5)
  A draconian annihilator (Zot:5)
  2 ironbound preservers (Vaults:5)
  A very ugly thing (Vaults:5)
  A deep elf demonologist (Vaults:5)
  2 green draconians (Zot:5)
  2 purple draconians (Zot:5)
  A dire elephant (Zot:5)
  2 red draconians (Zot:5)
  A yellow draconian (Zot:5)
  A deep elf annihilator (Vaults:5)
  An ettin (Vaults:5)
  A vault guard (Vaults:5)
  A deep troll (Vaults:5)
  An orc knight (Vaults:5)
  2 moths of wrath (Zot:5)
  A vault sentinel (Vaults:5)
  2 freezing wraiths (Vaults:5)
  A troll (Vaults:5)
  A yaktaur skeleton (Vaults:5)
  A snapping turtle (shapeshifter) (Vaults:5)
  An orc warrior (Vaults:5)
  A jelly (shapeshifter) (Vaults:5)
  An orc (Vaults:5)
63 creatures vanquished.

Vanquished Creatures (others)
  An orb of fire (Zot:5)
  3 Killer Klowns (Zot:5)
  A golden dragon (Zot:5)
  2 liches (Vaults:5)
  A titan (Vaults:5)
  A sphinx (Vaults:5)
  An acid blob (Depths:1)
  A shadow dragon (Zot:5)
  A tengu reaver (Vaults:5)
  A draconian knight (Zot:5)
  A ghost moth (Zot:5)
  A vault warden (Vaults:5)
  A draconian scorcher (Zot:5)
  2 stone giants (Vaults:5)
  An ironbound preserver (Vaults:5)
  A red draconian (Zot:5)
  A draconian shifter (Zot:3)
  A purple draconian (Zot:5)
  A black draconian (Zot:5)
  An ettin (Vaults:5)
  A fire dragon (Depths:3)
  2 yaktaur captains
  An ogre mage (Vaults:5)
  3 two-headed ogres (Vaults:5)
  A dancing weapon (Abyss:3)
  A goliath frog (Swamp:4)
  An ironbound convoker (Vaults:5)
  3 necromancers (Vaults:5)
  2 ugly things (Vaults:3)
  A moth of wrath (Zot:1)
  A yaktaur (Vaults:5)
  A bloated husk (Swamp:3)
  A hornet (Vaults:5)
  An ogre (Vaults:5)
  4 bushes (D:11)
  8 foxfires
  77 fungi
  197 plants
  7 starspawn tentacles (Abyss:3)
  3 toadstools (D:2)
340 creatures vanquished.

Grand Total: 2542 creatures vanquished

Notes
Turn   | Place    | Note
-------+----------+-------------------------------------------
     0 | D:1      | Wyvernaa the Formicid Fighter began the quest for the Orb.
     0 | D:1      | Reached XP level 1. HP: 18/18 MP: 1/1
   262 | D:1      | Reached XP level 2. HP: 18/24 MP: 2/2
  1050 | D:2      | Reached XP level 3. HP: 20/29 MP: 3/3
  1207 | D:2      | Found Teuh's Book Emporium.
  1288 | D:2      | Found a faded altar of an unknown god.
  1533 | D:2      | Reached XP level 4. HP: 35/35 MP: 4/4
  2488 | D:3      | Reached XP level 5. HP: 23/42 MP: 5/5
  3786 | D:4      | Reached skill level 5 in Shields
  3816 | D:4      | Found a radiant altar of Vehumet.
  3816 | D:4      | Noticed a frost-covered statue
  4019 | D:4      | Found a staircase to the Ecumenical Temple.
  4028 | Temple   | Entered the Ecumenical Temple
  4098 | D:4      | Noticed a phantom
  4130 | D:4      | Killed a phantom
  4131 | D:4      | Reached XP level 6. HP: 48/48 MP: 6/6
  4189 | D:4      | Noticed an ogre
  4201 | D:4      | Killed an ogre
  4202 | D:4      | Reached skill level 4 in Fighting
  4537 | D:4      | Found Ceaqacy's Weapon Boutique.
  5098 | D:5      | Entered Level 5 of the Dungeon
  5128 | D:5      | Reached skill level 5 in Polearms
  5128 | D:5      | Reached XP level 7. HP: 29/54 MP: 7/7
  5308 | D:5      | Found Soat Cue's Armour Shoppe.
  5313 | D:5      | Bought a +2 pair of boots for 198 gold pieces
  5394 | D:5      | Found an opulent altar of Gozag.
  5394 | D:5      | Found a hide-covered altar of Uskayaw.
  6109 | D:5      | Reached XP level 8. HP: 57/60 MP: 8/8
  6140 | D:5      | Reached skill level 1 in Dodging
  6411 | D:5      | Identified the +1 chain mail of the Orb Guardian {rN++
                  | Regen+ Dex+8 Stlth-}
  6499 | D:5      | Became a worshipper of Gozag Ym Sagoz the Greedy
  7468 | D:6      | Noticed a wyvern
  7480 | D:6      | Killed a wyvern
  7594 | D:6      | Found a transporter.
  7603 | D:6      | Noticed DocEon's ghost (novice OpVM)
  7608 | D:6      | Found a transporter.
  7646 | D:6      | Found a glowing golden altar of the Shining One.
  7715 | D:6      | Found Solonlill's Weapon Emporium.
  7842 | D:6      | Reached skill level 5 in Armour
  7842 | D:6      | Reached XP level 9. HP: 66/66 MP: 9/9
  8078 | D:6      | Found a shimmering altar of Xom.
  8589 | D:7      | Found Guduanas's Book Shop.
  9844 | D:8      | Found the +2 ratskin cloak {*Rats rPois rN+ Str-1 Int-1
                  | Dex+1}
  9874 | D:8      | Reached skill level 5 in Fighting
 10824 | D:8      | Noticed Grum
 10854 | D:8      | Killed Grum
 10855 | D:8      | Reached skill level 10 in Polearms
 10855 | D:8      | Reached XP level 10. HP: 61/74 MP: 10/10
 10956 | D:6      | Bought a +4 halberd of protection for 402 gold pieces
 12369 | D:9      | Found an iron altar of Okawaru.
 12457 | D:9      | Found a glowing silver altar of Zin.
 12459 | D:9      | Found a hazy altar of Hepliaklqana.
 13104 | D:9      | Found a staircase to the Orcish Mines.
 13139 | D:9      | Identified the +4 hand axe "Orb Guardian's Regret" {vamp,
                  | *Noise Will+++ Int+4 Stlth-}
 13273 | D:9      | Noticed a two-headed ogre
 13291 | D:9      | Killed a two-headed ogre
 13319 | D:9      | Found a broken altar of Ashenzari.
 13515 | D:9      | Noticed a skeletal warrior
 13515 | D:9      | Noticed a skeletal warrior
 13543 | D:9      | Killed a skeletal warrior
 13552 | D:9      | Reached XP level 11. HP: 81/81 MP: 11/11
 13864 | D:9      | Noticed a skeletal warrior
 13886 | D:9      | Killed a skeletal warrior
 14020 | D:10     | Entered Level 10 of the Dungeon
 14022 | D:10     | Found a stormy altar of Qazlal.
 14090 | D:10     | Reached skill level 6 in Fighting
 14382 | D:10     | Found Illesh's Magic Scroll Shop.
 14385 | D:10     | Bought a scroll of enchant weapon for 105 gold pieces
 14385 | D:10     | Bought a scroll of enchant weapon for 105 gold pieces
 14916 | D:11     | Noticed a boulder beetle
 14916 | D:11     | Noticed a two-headed ogre
 14945 | D:11     | Noticed a manticore
 14945 | D:11     | Noticed a two-headed ogre
 14964 | D:11     | Killed a two-headed ogre
 14971 | D:11     | Killed a manticore
 15118 | D:11     | Reached XP level 12. HP: 89/89 MP: 12/12
 15458 | D:11     | Killed a two-headed ogre
 15459 | D:11     | Reached skill level 7 in Fighting
 15612 | D:11     | Killed a boulder beetle
 16237 | D:11     | Found a staircase to the Lair.
 16899 | D:11     | Noticed a skeletal warrior
 16900 | D:11     | Noticed a skeletal warrior
 16918 | D:11     | Killed a skeletal warrior
 16919 | D:11     | Reached skill level 15 in Polearms
 16926 | D:11     | Killed a skeletal warrior
 16927 | D:11     | Noticed a skeletal warrior
 16934 | D:11     | Killed a skeletal warrior
 16938 | D:11     | Noticed a skeletal warrior
 16946 | D:11     | Killed a skeletal warrior
 16969 | D:11     | Noticed a skeletal warrior
 16980 | D:11     | Killed a skeletal warrior
 17266 | D:11     | Found a snail-covered altar of Cheibriados.
 17836 | D:12     | Found Qoimm's General Store.
 17837 | D:12     | Noticed a two-headed ogre
 17847 | D:12     | Killed a two-headed ogre
 18581 | D:12     | Reached XP level 13. HP: 95/98 MP: 13/13
 18694 | D:12     | Found Adastreuv's Book Emporium.
 18758 | D:12     | Reached skill level 8 in Fighting
 18855 | D:12     | Found Abuol's Antique Weapon Shoppe.
 19115 | D:12     | Noticed a boulder beetle
 19139 | D:12     | Killed a boulder beetle
 19409 | D:13     | Noticed a centaur warrior
 19428 | D:13     | Killed a centaur warrior
 19429 | D:13     | Reached skill level 9 in Fighting
 19632 | D:13     | Noticed a boulder beetle
 19649 | D:13     | Killed a boulder beetle
 19650 | D:13     | Reached skill level 1 in Evocations
 19868 | Lair:1   | Entered Level 1 of the Lair of Beasts
 19983 | Lair:1   | Reached skill level 10 in Armour
 22154 | Lair:3   | Found a gate leading to a gauntlet.
 22163 | Gauntlet | Entered a Gauntlet
 22163 | Gauntlet | Found a transporter.
 22163 | Gauntlet | Found a transporter.
 22169 | Gauntlet | Found a transporter.
 22169 | Gauntlet | Found a transporter.
 22173 | Gauntlet | Found a transporter.
 22173 | Gauntlet | Found a transporter.
 22206 | Gauntlet | Found a transporter.
 22210 | Gauntlet | Found a transporter.
 22221 | Gauntlet | Found a transporter.
 22234 | Gauntlet | Found a transporter.
 22234 | Gauntlet | Noticed an entropy weaver
 22270 | Gauntlet | Found a transporter.
 22274 | Gauntlet | Found a transporter.
 22575 | Gauntlet | Reached skill level 10 in Fighting
 22585 | Gauntlet | Identified the +2 cloak of Pleasant Breezes {rPois rN+}
 22605 | Gauntlet | Noticed a minotaur
 22618 | Gauntlet | Killed a minotaur
 22683 | Gauntlet | Identified the Tome of Shifting Intoxication
 22703 | Lair:3   | Noticed a six-headed hydra
 22710 | Lair:3   | Killed a ten-headed hydra
 22764 | Lair:3   | Bought a fine cloak for 323 gold pieces
 22764 | Lair:3   | Identified the +1 cloak of Juazy {rN+ SInv} (You bought it
                  | in a shop on level 3 of the Lair of Beasts)
 22768 | Lair:3   | Bought a glowing kite shield for 255 gold pieces
 22926 | Lair:3   | Reached XP level 14. HP: 110/110 MP: 14/14
 22949 | Lair:3   | Reached skill level 1 in Throwing
 23559 | Lair:4   | Found a hole to the Spider Nest.
 25237 | Lair:4   | Found a staircase to the Swamp.
 26359 | Lair:5   | Reached skill level 5 in Dodging
 26715 | Lair:5   | Reached skill level 11 in Fighting
 27396 | Lair:5   | Found a staircase to the Slime Pits.
 27574 | Lair:6   | Entered Level 6 of the Lair of Beasts
 27758 | Lair:6   | Noticed Urug
 27761 | Lair:6   | Reached skill level 5 in Evocations
 27773 | Lair:6   | Reached skill level 10 in Shields
 27778 | Lair:6   | Killed Urug
 28261 | Lair:6   | Reached XP level 15. HP: 104/119 MP: 15/15
 29977 | Lair:6   | Reached skill level 12 in Fighting
 31087 | Lair:6   | Identified the +8 broad axe "Pifaumm" {flame, *Corrode Fly
                  | rN++ Stlth+}
 31699 | D:13     | Found Xoekeopo's Weapon Shoppe.
 31929 | D:13     | Found a gate to the Vaults.
 32395 | D:14     | Noticed Kirke
 32420 | D:14     | Killed Kirke
 32672 | D:14     | Noticed Snorg
 32688 | D:14     | Killed Snorg
 33128 | D:14     | Reached skill level 13 in Fighting
 33133 | D:14     | Reached XP level 16. HP: 125/130 MP: 16/16
 33520 | D:15     | Entered Level 15 of the Dungeon
 33860 | D:15     | Identified Roxanne's Almanac of Changing
 33860 | D:15     | Noticed Roxanne
 33894 | D:15     | Killed Roxanne
 34148 | D:15     | Found a portal to a secret trove of treasure.
 34736 | D:15     | Identified a scroll of acquirement
 34736 | D:15     | Acquired 1154 gold pieces
 34753 | D:15     | Bought a scroll of enchant weapon for 210 gold pieces
 34753 | D:15     | Bought a scroll of identify for 56 gold pieces
 35037 | D:15     | Found a staircase to the Depths.
 35385 | Orc:1    | Entered Level 1 of the Orcish Mines
 35625 | Orc:2    | Entered Level 2 of the Orcish Mines
 36179 | Orc:2    | Found a staircase to the Elven Halls.
 37414 | Orc:2    | Identified the +3 leather armour "Niten" {rF+ Str+4}
 37625 | Orc:2    | Reached skill level 14 in Fighting
 38649 | Orc:2    | Found Yrchigeoto's Weapon Emporium.
 38660 | Orc:2    | Found Adi Murph's Antique Weapon Shoppe.
 42035 | Orc:2    | Reached XP level 17. HP: 138/139 MP: 17/17
 42060 | Orc:2    | Found Ifoyfah's Distillery.
 42150 | Orc:2    | Found Fuen's Assorted Antiques.
 42917 | Swamp:1  | Entered Level 1 of the Swamp
 43166 | Swamp:1  | Noticed a tentacled monstrosity
 43185 | Swamp:1  | Killed a tentacled monstrosity
 43299 | Swamp:1  | Identified the +6 spear of the Warrior-Mage {flame, Dex+3}
 44551 | Swamp:2  | You are sucked into a shaft and drop 1 floor!
 44741 | Spider:1 | Entered Level 1 of the Spider Nest
 45029 | Spider:1 | Reached skill level 10 in Evocations
 45295 | Spider:1 | Reached skill level 15 in Fighting
 47391 | Spider:1 | Reached XP level 18. HP: 149/149 MP: 18/18
 48309 | Spider:1 | Reached skill level 15 in Shields
 49414 | Spider:3 | Acquired 670 gold pieces
 50066 | Spider:3 | Bought a +1 pair of gloves of archery for 330 gold pieces
 50092 | Spider:4 | Entered Level 4 of the Spider Nest
 50331 | Spider:4 | Reached skill level 10 in Dodging
 51565 | Spider:4 | Noticed Aizul
 51599 | Spider:4 | Killed Aizul
 52554 | Spider:4 | Reached skill level 16 in Fighting
 55392 | Spider:4 | Noticed Louise
 55420 | Spider:4 | Killed Louise
 55599 | Spider:4 | Reached XP level 19. HP: 154/159 MP: 19/19
 56271 | Spider:4 | Got a gossamer rune of Zot
 57681 | Swamp:3  | Noticed Mara
 57692 | Swamp:3  | Noticed Wyvernaa's illusion
 57702 | Swamp:3  | Killed Mara
 57703 | Swamp:3  | Reached skill level 17 in Fighting
 57858 | Swamp:3  | Noticed Bai Suzhen
 57873 | Swamp:3  | Killed Bai Suzhen
 58195 | Swamp:4  | Entered Level 4 of the Swamp
 58244 | Swamp:3  | Reached skill level 15 in Armour
 58370 | Swamp:4  | Found a runed translucent door.
 58370 | Swamp:4  | Found a shimmering altar of Xom.
 58370 | Swamp:4  | Noticed Otejutz's ghost (journeyman DDFi)
 58816 | D:6      | Killed DocEon's ghost
 59880 | Swamp:4  | Reached XP level 20. HP: 170/170 MP: 20/20
 59926 | Swamp:4  | Reached skill level 18 in Fighting
 60167 | Swamp:4  | Got a decaying rune of Zot
 60433 | Swamp:4  | Bought a runed tower shield for 240 gold pieces
 60447 | Swamp:4  | Bought a pair of fine boots for 304 gold pieces
 60447 | Swamp:4  | Identified the +1 pair of boots "Hiag" {Int+3 Stlth+} (You
                  | bought it in a shop on level 4 of the Swamp)
 60686 | Vaults:1 | Entered Level 1 of the Vaults
 63102 | Vaults:1 | Reached skill level 1 in Stealth
 64560 | Slime:1  | Entered Level 1 of the Pits of Slime
 65048 | Slime:3  | Noticed Dissolution
 65467 | Vaults:2 | Reached skill level 19 in Fighting
 65655 | Vaults:2 | Reached XP level 21. HP: 176/180 MP: 21/21
 67198 | Vaults:2 | Reached skill level 5 in Stealth
 68390 | Vaults:2 | Found a staircase to the Crypt.
 68826 | Crypt:1  | Entered Level 1 of the Crypt
 69404 | Crypt:1  | Reached skill level 20 in Fighting
 69742 | Crypt:1  | Reached XP level 22. HP: 190/190 MP: 22/22
 70170 | Crypt:1  | Acquired 698 gold pieces
 70642 | Vaults:3 | Cast into level 3 of the Abyss (a wizard)
 71020 | Vaults:3 | Escaped the Abyss
 72812 | Vaults:3 | Identified the +4 rapier of Red Wine {flame, rF++}
 72965 | Vaults:3 | Noticed a golden dragon
 72972 | Vaults:3 | Killed a golden dragon
 73371 | Vaults:3 | Reached skill level 21 in Fighting
 73584 | Vaults:3 | Noticed Boris
 73596 | Vaults:3 | Killed Boris
 73787 | Vaults:3 | Reached XP level 23. HP: 174/200 MP: 23/23
 73890 | Vaults:3 | Reached skill level 10 in Stealth
 74565 | Vaults:4 | Noticed Jory
 74601 | Vaults:4 | Killed Jory
 75396 | Vaults:4 | Reached skill level 15 in Evocations
 75504 | Vaults:4 | Noticed Frederick
 75521 | Vaults:4 | Killed Frederick
 76589 | Vaults:4 | Reached skill level 22 in Fighting
 76720 | Vaults:5 | Entered Level 5 of the Vaults
 77233 | Vaults:5 | Reached XP level 24. HP: 198/211 MP: 23/23
 77694 | Vaults:5 | Identified the ring "Axogiy" {rF+ Int+4}
 77872 | Vaults:5 | Noticed a golden dragon
 77883 | Vaults:5 | Killed a golden dragon
 78043 | Vaults:5 | Identified the ring of Vosir {rPois rF+}
 78256 | Vaults:5 | Noticed an ancient lich
 78266 | Vaults:5 | Identified the +6 plate armour of Weaptuoth {Drain rF+ rC+
                  | Dex+4}
 78268 | Vaults:5 | Identified the ring "Zefaverr" {Fly rN+ Will+++ Str-2
                  | Dex+2}
 78272 | Vaults:5 | Identified the +7 mace of Karma {distort, rC+ Int+7 SInv}
 78541 | Vaults:5 | Identified the +5 arbalest of Exchange {elec, rF++}
 78561 | Vaults:5 | Got a silver rune of Zot
 79103 | Vaults:5 | Noticed an ancient lich
 79108 | Vaults:5 | Killed an ancient lich
 79168 | Vaults:5 | Identified the +3 leather armour "Zifug" {+Inv rC- Str+4
                  | Dex+2 SInv}
 79665 | Vaults:5 | Identified the +4 mace of Beyond {vorpal, rElec rPois rF+
                  | Str+4}
 80219 | Depths:1 | Entered Level 1 of the Depths
 80235 | Depths:1 | Found a sacrificial altar of Ru.
 80280 | Depths:1 | Reached skill level 23 in Fighting
 80309 | Depths:1 | Noticed a caustic shrike
 80309 | Depths:1 | Noticed Boris
 80332 | Depths:1 | Killed a caustic shrike
 80347 | Depths:1 | Reached XP level 25. HP: 221/221 MP: 23/23
 80401 | Depths:1 | Killed Boris
 81144 | Depths:1 | Bought a pair of pitted gloves for 437 gold pieces
 81144 | Depths:1 | Identified the +0 pair of gloves "Ipupt" {rF- rC++ rN++}
                  | (You bought it in a shop on level 1 of the Depths)
 81938 | Depths:1 | Identified the +2 scale mail "Kifreruy" {Str+7 SInv}
 82364 | Depths:1 | You are sucked into a shaft and drop 1 floor!
 82842 | Depths:2 | Found Wyjic's Antique Weapon Shoppe.
 83216 | Depths:1 | Reached skill level 15 in Dodging
 83618 | Depths:1 | Found a gateway to Hell.
 83924 | Depths:2 | Reached skill level 15 in Stealth
 84534 | Depths:2 | Reached XP level 26. HP: 230/231 MP: 23/23
 84538 | Depths:2 | Reached skill level 24 in Fighting
 85621 | Depths:3 | Identified the Catalogue of Warped Poisoning
 86595 | Depths:3 | Found a one-way gate leading to the halls of Pandemonium.
 86596 | Depths:3 | Found a gateway to a ziggurat.
 87199 | Depths:3 | Noticed the Enchantress
 87776 | Depths:2 | Killed the Enchantress
 88027 | Depths:3 | Found an ancient bone altar of Kikubaaqudgha.
 88529 | Depths:4 | You are sucked into a shaft and drop 1 floor!
 88529 | Depths:5 | Entered Level 5 of the Depths
 89010 | Depths:4 | Identified the +7 great sword "Idilarud" {vamp, Will-
                  | Dex+7}
 90103 | Depths:5 | Reached XP level 27. HP: 223/240 MP: 23/23
 90536 | Depths:5 | Found a gate to the Realm of Zot.
 90892 | Depths:5 | Reached skill level 25 in Fighting
 92741 | Depths:5 | Found a one-way gate to the infinite horrors of the Abyss.
 93416 | Depths:4 | Found a sparkling altar of Nemelex Xobeh.
 93416 | Depths:4 | Noticed Jessica
 93421 | Depths:4 | Killed Jessica
 93440 | Depths:4 | Found Oqi Iri's General Store.
 93445 | Depths:4 | Bought a scroll of acquirement for 624 gold pieces
 93445 | Depths:4 | Acquired a +1 pair of gloves of strength
 94606 | Depths:4 | Identified the +3 halberd of Eternal Harmony {vorpal, rPois
                  | rF+ rCorr}
 94772 | Depths:1 | Bought a jewelled plate armour for 1288 gold pieces
 94772 | Depths:1 | Identified the +8 plate armour of Elyvilon's Indignation
                  | {+Blink rC+++ Str-4 Stlth-} (You bought it in a shop on
                  | level 1 of the Depths)
 94784 | Depths:1 | Bought a masterwork plate armour for 1288 gold pieces
 94784 | Depths:1 | Identified the +5 plate armour "Atomezaz" {rN+ Int+2
                  | Stlth+} (You bought it in a shop on level 1 of the Depths)
 95911 | Crypt:2  | Found the +8 autumn katana {vorpal, Clar}
 96547 | Crypt:3  | Entered Level 3 of the Crypt
 98645 | Crypt:3  | Found a staircase to the Tomb.
 98648 | Crypt:3  | Found the +3 sling "Punk" {acid, rCorr}
 99777 | Crypt:3  | Found an ancient bone altar of Kikubaaqudgha.
 99801 | Crypt:3  | Noticed an ancient lich
 99815 | Crypt:3  | Killed an ancient lich
 99949 | Crypt:3  | Found the +3 crown of Dyrovepreva {rElec Int+2 SInv}
 99994 | Crypt:3  | Noticed an ancient lich
100008 | Crypt:3  | Killed an ancient lich
100108 | Crypt:3  | Identified the Collected Works on Heat and Transmigration
100662 | Crypt:3  | Reached skill level 26 in Fighting
101075 | Depths:1 | Bought a transparent plate armour for 1288 gold pieces
101075 | Depths:1 | Identified the +0 plate armour of Greed {Rampage} (You
                  | bought it in a shop on level 1 of the Depths)
101181 | Zot:1    | Entered Level 1 of the Realm of Zot
101835 | Zot:1    | Noticed an orb of fire
101840 | Zot:1    | Gained mutation: Your body sometimes deteriorates upon
                  | taking damage. [an orb of fire]
101841 | Zot:1    | Gained mutation: You occasionally shout uncontrollably at
                  | your foes. [an orb of fire]
101845 | Zot:1    | Gained mutation: Potions are less effective at restoring
                  | your health. [an orb of fire]
101849 | Zot:1    | Gained mutation: You are dopey. (Int -2) [an orb of fire]
101854 | Zot:1    | Gained mutation: Your spells are a little easier to cast,
                  | but a little less powerful. [an orb of fire]
101855 | Zot:1    | Gained mutation: You are clumsy. (Dex -2) [an orb of fire]
101866 | Zot:1    | Killed an orb of fire
102026 | Zot:1    | Lost mutation: You are dopey. (Int -2) [potion of mutation]
102026 | Zot:1    | Lost mutation: Your spells are a little easier to cast, but
                  | a little less powerful. [potion of mutation]
102026 | Zot:1    | Lost mutation: You occasionally shout uncontrollably at
                  | your foes. [potion of mutation]
102026 | Zot:1    | Gained mutation: You sometimes lose the ability to read
                  | scrolls when taking damage. [potion of mutation]
102026 | Zot:1    | Gained mutation: Your muscles are strong. (Str +2) [potion
                  | of mutation]
102027 | Zot:1    | Lost mutation: You sometimes lose the ability to read
                  | scrolls when taking damage. [potion of mutation]
102027 | Zot:1    | Lost mutation: You are clumsy. (Dex -2) [potion of
                  | mutation]
102027 | Zot:1    | Gained mutation: Your spells are a little easier to cast,
                  | but a little less powerful. [potion of mutation]
102027 | Zot:1    | Gained mutation: Your mind is acute. (Int +2) [potion of
                  | mutation]
102028 | Zot:1    | Lost mutation: Your muscles are strong. (Str +2) [potion of
                  | mutation]
102028 | Zot:1    | Lost mutation: Your mind is acute. (Int +2) [potion of
                  | mutation]
102028 | Zot:1    | Lost mutation: Your spells are a little easier to cast, but
                  | a little less powerful. [potion of mutation]
102028 | Zot:1    | Lost mutation: Your body sometimes deteriorates upon taking
                  | damage. [potion of mutation]
102028 | Zot:1    | Gained mutation: You are frail. (-10% HP) [potion of
                  | mutation]
102029 | Zot:1    | Lost mutation: You are frail. (-10% HP) [potion of
                  | mutation]
102029 | Zot:1    | Lost mutation: Potions are less effective at restoring your
                  | health. [potion of mutation]
102029 | Zot:1    | Gained mutation: You are weak. (Str -2) [potion of
                  | mutation]
102029 | Zot:1    | Gained mutation: You have very sharp teeth. [potion of
                  | mutation]
102029 | Zot:1    | Gained mutation: Your body sometimes deteriorates upon
                  | taking damage. [potion of mutation]
102029 | Zot:1    | Gained mutation: You are strong-willed. (Will+) [potion of
                  | mutation]
105393 | Zot:3    | Found a runed translucent gate.
105394 | Zot:3    | Found a runed translucent gate.
105395 | Zot:3    | Found a runed translucent gate.
105675 | Zot:3    | Noticed Luegiunoocw's ghost (veteran TrCK)
105958 | Zot:3    | Found a transporter.
108018 | Zot:3    | Found a transporter.
109977 | Zot:5    | Entered Level 5 of the Realm of Zot
110000 | Zot:5    | Noticed a Killer Klown
110021 | Zot:5    | Killed a Killer Klown
110451 | Zot:5    | Reached skill level 27 in Fighting
111599 | Zot:5    | Noticed a Killer Klown
111744 | Zot:5    | Noticed an orb of fire
111745 | Zot:5    | Noticed an orb of fire
111751 | Zot:5    | Noticed a Killer Klown
111774 | Zot:5    | Noticed a Killer Klown
111774 | Zot:5    | Noticed an orb of fire
111774 | Zot:5    | Killed a Killer Klown
111780 | Zot:5    | Killed a Killer Klown
111860 | Zot:5    | Noticed an orb of fire
111863 | Zot:5    | Gained mutation: You passively map a small area around you.
                  | [an orb of fire]
111881 | Zot:5    | Gained mutation: Armour fits poorly on your strangely
                  | shaped body. [an orb of fire]
111889 | Zot:5    | Killed an orb of fire
111958 | Zot:5    | Gained mutation: You are frail. (-10% HP) [an orb of fire]
111963 | Zot:5    | Gained mutation: You are clumsy. (Dex -2) [an orb of fire]
111966 | Zot:5    | Gained mutation: You sometimes lose the ability to read
                  | scrolls when taking damage. [an orb of fire]
111995 | Zot:5    | Killed an orb of fire
112016 | Zot:5    | Killed an orb of fire
112667 | Zot:5    | Noticed a Killer Klown
112689 | Zot:5    | Killed a Killer Klown
114268 | Orc:2    | Bought a potion of mutation for 96 gold pieces
114268 | Orc:2    | Lost mutation: You are frail. (-10% HP) [potion of
                  | mutation]
114268 | Orc:2    | Lost mutation: You are strong-willed. (Will+) [potion of
                  | mutation]
114268 | Orc:2    | Gained mutation: You are partially covered in iridescent
                  | scales. (AC +2) [potion of mutation]
114268 | Orc:2    | Gained mutation: You are mostly covered in iridescent
                  | scales. (AC +4) [potion of mutation]
114772 | Zot:3    | HP: 11/249 [golden dragon[a Zot trap] (33)]
114772 | Zot:3    | HP: 2/249 [tentacled monstrosity (9)]
114773 | Zot:3    | Annihilated by a golden dragon

Illustrated notes

Levels and vault maps discovered:
D:1:      eino_arrival_water_star, layout_loops_ring, minivault_23
D:2:      layout_rooms, serial_shops, nicolae_shop_trees,
          shapermc_ecumenical_altar_totnotflames, minmay_gold_behind_fungi
D:3:      layout_rooms, hangedman_decor_clover_reticule,
          kennysheep_pointless_box, chequers_serial_rivers_large_a,
          grunt_decor_arrowhead
D:4:      layout_loops_ring, vehumet_statue, temple_doors_e, serial_shops,
          shop_fountains, hangedman_glass_teeth, corner_web_ring
D:5:      layout_layer_cave, nicolae_overflow_hidden_temple, serial_shops,
          kennysheep_little_box
D:6:      layout_gridville, lemuel_coloured_pillars_altar, lemuel_crystal_altar,
          gammafunk_ghost_smash, serial_shops, shop
D:7:      layout_cave_pools, serial_shops, shop
D:8:      wander_guarded_unrand_ratskin, layout_basic, minivault_14, uniq_grum
D:9:      layout_long_grid, overflow_temple_1_default,
          nicolae_ashenzari_panopticon,
          chequers_temple_overflow_statue_of_worship, orc_0_dummy, minmay_holes,
          evilmike_butchery
D:10:     layout_gridville, nicolae_qazlal_scattered_showers, serial_shops,
          kennysheep_mini_moat
D:11:     layout_roguey, minmay_lair_entry_grove, slow_altar_1
D:12:     layout_roguey, serial_shops, shop, shop, shop_statue
D:13:     layout_long_grid, david_vaults_1, serial_shops,
          nicolae_shop_competitors_out_of_business, hangedman_decor_riveting
D:14:     layout_basic, serial_park_paths [serial_park_minivault_5x5_3],
          uniq_snorg, uniq_kirke
D:15:     gammafunk_enter_depths_forms, layout_irregular_city, enter_trove_6,
          corexii_leaking_fountain, corexii_hall_statues_l, minmay_checkerbox,
          uniq_roxanne
Temple:   nicolae_temple_x_marks_the_god
Lair:1:   layout_layer_cave, nicolae_quartered_pool_super,
          chequers_serial_rivers_micro_c, grunt_megastairs_4
Lair:2:   layout_chaotic_city, chequers_serial_rivers_micro_e,
          infiniplex_staircase_pool
Lair:3:   layout_chaotic_city, gauntlet_entry_generic, guppyfry_lair_drakes
Lair:4:   layout_hall_layers, minmay_swamp_entry_worms,
          nicolae_spider_entry_non_spiders, grunt_megastairs_2,
          serial_bayou_shore_b
Lair:5:   layout_loops_ring, minmay_slime_entry_oklob_enclosed,
          grunt_forest_large_clearings
Lair:6:   minmay_lair_end_frog_pond, layout_loops_ring,
          chequers_serial_rivers_micro_c, uniq_urug
Swamp:1:  layout_basic_swamp, evilmike_swamp_ruin_house_4, swamp_pool5,
          infiniplex_staircase_pool_2
Swamp:2:  layout_falls_marsh, evilmike_swamp_ruin_wall
Swamp:3:  layout_falls_marsh, evilmike_swamp_ruin_house_1, uniq_mara,
          uniq_bai_suzhen
Swamp:4:  swamp, layout_basic_swamp, ebering_ghost_xom, swamp_pool4
Spider:1: layout_spider_delve, drop_trap, nicolae_looking_at_the_future,
          hangedman_spider_tarantella_strand
Spider:2: layout_spider_delve
Spider:3: nicolae_spider_hilbert_zone_5 [nicolae_spider_hilbert_3_sides_1_open,
          nicolae_spider_hilbert_4_sides_1_open,
          nicolae_spider_hilbert_4_sides_1_open,
          nicolae_spider_hilbert_6_sides_1_open,
          nicolae_spider_hilbert_6_sides_1_open,
          nicolae_spider_hilbert_2_sides_1_open,
          nicolae_spider_hilbert_2_sides_1_open]
Spider:4: spider_rune_water, uniq_louise, uniq_aizul
Slime:1:  layout_caves
Slime:2:  layout_caves
Slime:3:  layout_caves, dissolution_awaits
Orc:1:    layout_caves, basic_altar, mines5_lemuel
Orc:2:    pubby_orc_utopia
Vaults:1: hangedman_vaults_nodes, v_misc_30, ontoclasm_vaults_gateway,
          v_rooms_1, nicolae_vaults_little_squares_2, layout_vaults_omnigrid
Vaults:2: ontoclasm_vaults_misaligned, grunt_vaults_funnel, vaults_room_fours,
          st_star, v_misc_1, vaults_standard_mumra_x, vaults_mumra_hexcomb,
          nicolae_vaults_ninety_degrees, minmay_crypt_entry_simple_box,
          ontoclasm_vaults_loading_screen, vaults_room_door_ring,
          vaults_mumra_lcd, layout_vaults_big_room
Vaults:3: v_misc_19, ontoclasm_vaults_twist, v_misc_33, v_misc_18,
          nicolae_vaults_asterisk, vaults_room_semicircle,
          nicolae_vaults_c_with_doors, nicolae_vaults_what_the_h, v_misc_18,
          v_misc_12, layout_vaults_maze_bifur, uniq_boris
Vaults:4: vaults_mumra_minichess, v_pattern_1, nicolae_vaults_asterisk,
          vaults_standard_mumra_lines, nicolae_vaults_three_branches,
          vaults_room_grunt_arrival_checkpoint, v_misc_18,
          layout_vaults_omnicross, uniq_jory, uniq_frederick
Vaults:5: serial_shops
Crypt:1:  layout_gridlike, grunt_crypt_arrival_split,
          roderic_lattice_octagonal_star
Crypt:2:  layout_basic, minivault_27
Crypt:3:  quadcrypt_mu
Depths:1: layout_basic, hangedman_decor_opposing, hangedman_geh_valley,
          special_room [special_room_jelly], serial_bayou_pond_e,
          nicolae_ru_sacrificial_ziggurat, kennysheep_random_hallway
Depths:2: kennysheep_blocky_room, layout_gridville, hell_entry, serial_shops,
          nicolae_shop_behind_doors, minmay_pinched_square
Depths:3: minmay_ambush_box, layout_cave_pools, enter_ziggurat_f,
          kiku_gazebo_pond_becter, pan_entry, hell_entry, uniq_enchantress
Depths:4: minmay_isolated_rectangles_in_corner, layout_honeycomb, serial_shops,
          shop, grunt_metal_band, abyss_entry, nemelex_lonely_heart_becter,
          infiniplex_staircase_pillars_3a
Depths:5: grunt_crosshair, layout_basic, hell_entry, nicolae_benzene_ring,
          abyss_entry_small_statue_room, st_stairs_11, serial_bayou_shore_b
Zot:1:    layout_basic, grunt_megastairs_3
Zot:2:    layout_twisted_circle, skrybe_zot_glass_2
Zot:3:    gammafunk_its_a_trap, layout_misc_corridors,
          gammafunk_ghost_tricky_traps, st_stairs_9, grunt_ministairs_6,
          lemuel_elevator
Zot:4:    layout_gridlike
Zot:5:    layout_gridlike, st_stairs_10

Skill      XL: |  1  2  3  4  5  6  7  8  9 10 11 12 13 14 15 16 17 18 19 20 21 22 23 24 25 26 27 |
---------------+----------------------------------------------------------------------------------+-----
Shields        | 4 5 6 7 8 9 10 11 13 14 15 | 15.0
Polearms       | 3 4 5 6 8 10 11 14 15 16 | 16.0
Fighting       | 4 5 6 7 10 11 13 14 15 16 17 19 20 21 22 23 24 27 | 27.0
Armour         | 4 5 6 7 8 10 11 12 13 14 15 16 17 18 20 | 20.4
Dodging        | 1 2 4 5 7 8 9 10 11 12 13 14 15 17 | 17.4
Evocations     | 3 5 7 9 10 11 12 13 14 15 16 17 19 | 19.5
Throwing       | 3 |  3.3
Stealth        | 4 7 9 11 13 15 16 21 | 21.7

Action                   |  1- 3 |  4- 6 |  7- 9 | 10-12 | 13-15 | 16-18 | 19-21 | 22-24 | 25-27 || total
-------------------------+-------+-------+-------+-------+-------+-------+-------+-------+-------++-------
Melee: Trident           |    93 |   140 |   398 |    10 |       |       |       |       |       ||   641
       Halberd           |       |       |       |   433 |   959 |  1689 |  1543 |  1731 |  2937 ||  9292
       Hand axe          |       |       |       |       |     9 |       |       |       |       ||     9
       Spear             |       |       |       |       |   106 |    82 |    98 |       |       ||   286
       Demon trident     |       |       |       |       |       |       |       |       |  1089 ||  1089
       Bite              |       |       |       |       |       |       |       |       |   166 ||   166
Invok: Call Merchant     |       |       |       |       |     3 |     4 |     1 |       |     1 ||     9
       Potion Petition   |       |       |       |       |       |       |     2 |     4 |     9 ||    15
       Bribe Branch      |       |       |       |       |       |       |       |     1 |     1 ||     2
 Abil: Dig               |     2 |    13 |    33 |    35 |    44 |    68 |    17 |     1 |    39 ||   252
       Shaft Self        |       |       |       |       |       |       |       |       |     2 ||     2
Evoke: Wand              |       |       |       |       |    10 |       |     8 |     1 |     5 ||    24
  Use: Scroll            |     1 |     6 |     6 |     8 |     7 |     6 |     2 |     4 |    16 ||    56
       Potion            |       |     3 |       |     2 |       |     3 |     2 |     2 |     9 ||    21
 Stab: Distracted        |       |       |     6 |     2 |     8 |    31 |     7 |    24 |    55 ||   133
       Confused          |       |       |       |       |       |     2 |       |       |       ||     2
       Invisible         |       |       |       |       |       |       |       |     4 |     3 ||     7
       Petrifying        |       |       |       |       |       |       |       |     4 |       ||     4
       Sleeping          |       |       |       |       |       |       |       |       |    22 ||    22
Armor: Scale mail        |    27 |    25 |       |       |       |       |       |       |       ||    52
       Chain mail        |       |     9 |   106 |   112 |   209 |   288 |   281 |   192 |       ||  1197
       Plate armour      |       |       |       |       |       |       |       |    22 |   697 ||   719
Dodge: Dodged            |    21 |    34 |    76 |    66 |   237 |   430 |   410 |   388 |   661 ||  2323
       Repelled          |       |       |       |       |     2 |       |       |       |       ||     2
Block: Kite shield       |    44 |    61 |   200 |   192 |   440 |   413 |       |       |       ||  1350
       Reflection        |       |       |       |       |       |     7 |    80 |    83 |    53 ||   223
       Tower shield      |       |       |       |       |       |   842 |  1471 |  1521 |  3182 ||  7016

Table legend: (Time is in decaauts)
 A = Elapsed time spent in this place.
 B = Non-inter-level travel time spent in this place.
 C = Inter-level travel time spent in this place.
 D = Time resting spent in this place.
 E = Time spent auto-exploring this place.
 F = Levels seen in this place.
 G = Mean time per level.
                   A        B        C        D        E       F      G
               +--------+--------+--------+--------+--------+-----+--------+
         Total | 111885 | 106731 |   5154 |  52526 |  24769 |  55 | 2034.3 |
       Dungeon |  25287 |  23200 |   2087 |  10138 |   7124 |  15 | 1685.8 |
        Temple |     61 |     61 |      0 |      0 |      0 |   1 |   61.0 |
          Lair |  11797 |  11043 |    754 |   5196 |   3112 |   6 | 1966.2 |
         Swamp |   4620 |   4381 |    239 |   1534 |    870 |   4 | 1155.0 |
   Spider Nest |  11978 |  11789 |    189 |   7673 |   1549 |   4 | 2994.5 |
    Slime Pits |    566 |    555 |     11 |    185 |      0 |   3 |  188.7 |
  Orcish Mines |   7425 |   7258 |    167 |   5051 |    729 |   2 | 3712.5 |
        Vaults |  15239 |  14776 |    463 |   6838 |   3319 |   5 | 3047.8 |
         Crypt |   6964 |   6840 |    124 |   2905 |   1651 |   3 | 2321.3 |
        Depths |  14976 |  14196 |    780 |   6997 |   3473 |   5 | 2995.2 |
           Zot |  12130 |  11793 |    337 |   5899 |   2939 |   5 | 2426.0 |
         Abyss |    326 |    326 |      0 |      1 |      0 |   1 |  326.0 |
      Gauntlet |    511 |    511 |      0 |    104 |      0 |   1 |  511.0 |
               +--------+--------+--------+--------+--------+-----+--------+

Top non-repeatable levels by time:
   Orc:2: 7181 daAuts
Spider:4: 6669 daAuts
Depths:5: 4180 daAuts
 Crypt:3: 4056 daAuts
Vaults:2: 4021 daAuts
   Zot:5: 3747 daAuts
  Lair:6: 3741 daAuts
Spider:1: 3712 daAuts
   Zot:3: 3343 daAuts
Vaults:1: 3147 daAuts
Vaults:4: 3083 daAuts
     D:8: 3051 daAuts
Depths:1: 2972 daAuts
Depths:2: 2882 daAuts
    D:11: 2783 daAuts
